 Dungeon Crawl Stone Soup version 0.29.0-4-gdea44cf6ec (webtiles) character file.

Game seed: 5320014074086144985

148 qw the Chopper (level 5, -12/30 HPs)
             Began as a Tengu Warper on Aug 28, 2022.
             Mangled by an ogre
             ... wielding a +0 giant spiked club
              (26 damage)
             ... on level 4 of the Dungeon.
             The game lasted 00:00:24 (3618 turns).

qw the Chopper (Tengu Warper)                       Turns: 3618, Time: 00:00:25

Health: -12/30     AC: 11    Str: 19    XL:     5   Next: 30%
Magic:  9/9        EV:  7    Int: 13    God:
Gold:   124        SH:  0    Dex: 14    Spells: 8/8 levels left

rFire   . . .      SeeInvis +   Y - +0 hand axe
rCold   . . .      Faith    .   (no shield)
rNeg    . . .      Spirit   .   l - +0 plate armour
rPois   .          Reflect  .   (helmet restricted)
rElec   .          Harm     .   h - +0 cloak
rCorr   .          Rampage  .   (no gloves)
Will    .....                   (boots unavailable)
Stlth   ..........              (no amulet)
HPRegen 0.10/turn               o - +6 ring of strength
MPRegen 0.11/turn               c - ring of see invisible

@: flying quickly and evasively, quick
A: beak, talons 3, nimble flight
a: no special abilities


You were on level 4 of the Dungeon.
You visited 1 branch of the dungeon, and saw 4 of its levels.

You collected 124 gold pieces.


Innate Abilities, Weirdness & Mutations

You have a beak for a mouth.
You have claws for feet.
Your magical nature lets you fly swiftly and evasively.


   Skills:
 - Level 2.0 Fighting
 + Level 5.6 Axes
 - Level 1.0 Throwing
 - Level 2.0 Armour
 - Level 2.1 Dodging
 - Level 2.0 Spellcasting
 - Level 2.4 Translocations


You had 8 spell levels left.
You didn't know any spells.
Your spell library contained the following spells:

 Spells                   Type           Power      Damage    Failure   Level
 Blink                    Tloc           14%        N/A       99%         2
 Gell's Gravitas          Tloc           7%         N/A       100%        3
 Lesser Beckoning         Tloc           7%         N/A       100%        3
 Teleport Other           Tloc           7%         N/A       100%        3
 Manifold Assault         Tloc           7%         N/A       100%        5

Inventory:

Hand Weapons
 e - a +0 flail
 Y - a +0 hand axe (weapon)
Armour
 h - a +0 cloak (worn)
 l - a +0 plate armour (worn)
Jewellery
 c - a ring of see invisible (right hand)
 g - a ring of positive energy
 o - a +6 ring of strength (left hand)
Scrolls
 b - 2 scrolls of teleportation
 p - a scroll of identify
Potions
 d - a potion of heal wounds
 i - a potion of berserk rage {unknown}
 j - a potion of curing
 k - a potion of haste
 n - a potion of cancellation {unknown}

Dungeon Overview and Level Annotations

Branches:
Dungeon (4/15)
 Temple: D:4-7

Altars:
Ashenzari
Xom

Portals:
Ossuary: D:4


Message History

An endoplasm comes into view.
The orc wizard hits you but does no damage.
You hit the orc wizard.
You kill the orc wizard!
You barely miss the endoplasm. You claw the endoplasm.
You kill the endoplasm!
Things that are here:
a +0 dagger; a +0 robe; a +0 short sword A hobgoblin comes into view.
The hobgoblin shouts!
You hear an angry hiss.
You slash the hobgoblin!
You kill the hobgoblin!
A ball python comes into view.
A goblin comes into view. It is wielding a +0 dagger.
3605 ||| Stepping ~*~*~tactically~*~*~ (stealth).
You slash the ball python!
You kill the ball python!
An ogre comes into view. It is wielding a +0 giant spiked club.
You see here 2 silver javelins.
3610 ||| Stepping ~*~*~tactically~*~*~ (stealth).
m - a silver javelin The ogre shouts!
There is a sand-covered staircase here.
Throw: javelin (silver)
Press: ? - help, Q - select action Shift-Dir - straight line, f - ogre You throw a silver javelin.
The silver javelin closely misses the ogre.
A giant cockroach comes into view.
You hit the ogre.
The ogre is lightly wounded.
The ogre hits you with a +0 giant spiked club!
Ouch! That really hurt!
You completely miss the ogre. You claw the ogre. You peck the ogre.
The ogre is heavily wounded.
You barely miss the ogre. You claw the ogre.
The ogre is severely wounded.
You completely miss the giant cockroach.
The ogre hits you with a +0 giant spiked club!!
Ouch! That really hurt!
You die...

.###....#....#*,+*,#+,**,,*
.##....#.#..#*,,,*.#,,,**,*
#...##....#.#,,,*#.##,,,*,*
..#.##.##..%#,,*#.(.##,,*,*
....##.###..####.....##**,*
...#..## ##.).!.......,,,,*
....#.#* ###...#..##******
....#.,* #..BO..# #.####**
##..@.## ***
,..**********#.(..# ***,,
,,,*,,,,,,***#...## **,,,,
,,,+,,,,_,*,*###..** *,,,,*
,,,*,,,,,,*** ##..**
**,,,** ,,,**********
*#..*** *,,,** *,** *****
*#..,** **,,,* *,* **,,,**
*#..,***,,,,* *,****,,,,,**
**,,,,,,,,,*


You could see an ogre and a giant cockroach.

Vanquished Creatures
  An orc wizard (D:4)
  3 adders
  A worm zombie (D:4)
  2 worms (D:2)
  4 dart slugs (D:2)
  3 orcs
  10 bats
  5 endoplasms
  10 hobgoblins
  3 quokkas
  10 ball pythons
  4 frilled lizards
  5 goblins
  A jackal zombie (D:4)
  9 kobolds
  A rat (D:3)
  A rat zombie (D:4)
73 creatures vanquished.

Vanquished Creatures (others)
  2 fungi (D:2)
  4 plants (D:2)
  7 withered plants (D:4)
13 creatures vanquished.

Grand Total: 86 creatures vanquished

Notes
Turn   | Place    | Note
-------+----------+-------------------------------------------
     0 | D:1      | qw the Tengu Warper began the quest for the Orb.
     0 | D:1      | Reached XP level 1. HP: 12/12 MP: 4/4
     0 | D:1      | 0 ||| qw: Version: 0.1-a-89-g26bdef1
     0 | D:1      | 0 ||| qw: Game counter: 1758
     0 | D:1      | 0 ||| qw: Always use a shield: true
     0 | D:1      | 0 ||| qw: God list: Okawaru
     0 | D:1      | 0 ||| qw: Allow faded altars: false
     0 | D:1      | 0 ||| qw: Do Orc after D:15 true
     0 | D:1      | 0 ||| qw: Do second Lair branch before Depths: true
     0 | D:1      | 0 ||| qw: Lair rune preference: random
     0 | D:1      | 0 ||| qw: Plans: Normal
     0 | D:1      | 0 ||| PLANNING D:1-11
   302 | D:1      | Reached skill level 3 in Axes
   302 | D:1      | Reached XP level 2. HP: 17/17 MP: 6/6
  1110 | D:1      | Reached XP level 3. HP: 17/21 MP: 7/7
  1334 | D:1      | 1334 ||| READING scroll labelled QEEKAWY UTAP.
  1335 | D:1      | 1335 ||| READING scroll labelled CENUG TILUFA.
  1336 | D:1      | 1336 ||| READING scroll labelled MIOPTY YTEU.
  1339 | D:1      | 1339 ||| READING scroll labelled MIOKOA VORATIOSEAN.
  1340 | D:1      | 1340 ||| DRINKING 2 lumpy dark potions.
  1378 | D:1      | 1378 ||| DRINKING 2 green potions.
  1379 | D:1      | 1379 ||| DROPPING scroll of blinking.
  1380 | D:1      | 1380 ||| DROPPING potion of lignification.
  1398 | D:2      | 1398 ||| Stepping ~*~*~tactically~*~*~ (stealth).
  1428 | D:2      | 1428 ||| Stepping ~*~*~tactically~*~*~ (stealth).
  1430 | D:2      | 1430 ||| Stepping ~*~*~tactically~*~*~ (stealth).
  1436 | D:2      | HP: 5/21 [adder (1)]
  1438 | D:2      | HP: 2/21 [poisoned by an adder]
  1439 | D:2      | Reached skill level 4 in Axes
  1439 | D:2      | 1439 ||| DRINKING potion of curing.
  1439 | D:2      | 1439 ||| (to cure poison)
  1698 | D:2      | 1698 ||| DROPPING +0 club.
  1854 | D:2      | 1854 ||| Stepping ~*~*~tactically~*~*~ (stealth).
  1859 | D:2      | 1859 ||| Stepping ~*~*~tactically~*~*~ (stealth).
  1862 | D:2      | Reached XP level 4. HP: 26/26 MP: 8/8
  1863 | D:2      | 1863 ||| Stepping ~*~*~tactically~*~*~ (hiding).
  1909 | D:2      | Found a shimmering altar of Xom.
  2009 | D:2      | 2009 ||| Stepping ~*~*~tactically~*~*~ (stealth).
  2185 | D:2      | 2185 ||| FLEEEEING.
  2186 | D:2      | 2186 ||| FLEEEEING.
  2187 | D:2      | 2187 ||| FLEEEEING.
  2302 | D:2      | Found a faded altar of an unknown god.
  2516 | D:2      | 2516 ||| UPGRADING to +0 chain mail.
  2526 | D:2      | 2526 ||| DROPPING +0 leather armour.
  2527 | D:2      | 2527 ||| UPGRADING to +0 cloak.
  2532 | D:2      | 2532 ||| UPGRADING to ring of positive energy.
  2533 | D:2      | 2533 ||| UPGRADING to ring of see invisible.
  2534 | D:2      | 2534 ||| DROPPING +6 ring of intelligence.
  2535 | D:2      | 2535 ||| READING scroll labelled QYSHO KOOWENT.
  2567 | D:3      | 2567 ||| STAIRDANCE
  2574 | D:3      | 2574 ||| STAIRDANCE
  2647 | D:3      | Reached skill level 5 in Axes
  3102 | D:3      | 3102 ||| Stepping ~*~*~tactically~*~*~ (stealth).
  3275 | D:3      | Found a broken altar of Ashenzari.
  3490 | D:3      | 3490 ||| UPGRADING to +0 plate armour.
  3500 | D:3      | 3500 ||| DROPPING +0 chain mail.
  3501 | D:3      | 3501 ||| UPGRADING to +6 ring of strength.
  3503 | D:3      | 3503 ||| READING scroll labelled DIASARH BEHYIGI.
  3504 | D:3      | 3504 ||| DRINKING 2 bubbling purple potions.
  3505 | D:3      | 3505 ||| DRINKING 2 fizzy yellow potions.
  3520 | D:4      | 3520 ||| PLANNING OSSUARY
  3520 | D:4      | 3520 ||| STAIRDANCE
  3553 | D:4      | Found a sand-covered staircase.
  3555 | D:4      | 3555 ||| READING scroll labelled VOIROKKARIN.
  3556 | D:4      | 3556 ||| READING scroll labelled XEPLUCE ETIPH.
  3568 | D:4      | Gained mutation: Your magical nature lets you fly swiftly
                  | and evasively. [Tengu growth]
  3568 | D:4      | Reached XP level 5. HP: 30/30 MP: 9/9
  3581 | D:4      | 3581 ||| Stepping ~*~*~tactically~*~*~ (hiding).
  3582 | D:4      | 3582 ||| Stepping ~*~*~tactically~*~*~ (hiding).
  3605 | D:4      | 3605 ||| Stepping ~*~*~tactically~*~*~ (stealth).
  3609 | D:4      | Noticed an ogre
  3610 | D:4      | 3610 ||| Stepping ~*~*~tactically~*~*~ (stealth).
  3618 | D:4      | Mangled by an ogre

Levels and vault maps discovered:
D:1:      amcnicky_arrival_blooded_trapdoor, layout_basic
D:2:      layout_rooms, shapermc_ecumenical_altar_rom_forum, basic_altar,
          kennysheep_generic_room_14
D:3:      layout_basic, mainiacjoe_overflow_catwalk, serial_bayou_lagoon_a,
          minmay_randomly_rotated_circles
D:4:      cheibrodos_barr_body, layout_layer_cave,
          grunt_temple_overflow_holy_war, kiku_gazebo_garden_becter,
          enter_ossuary_3, hangedman_feature_mirror, minmay_misc_feat_encased,
          hangedman_decor_peaks_small

Skill      XL: |  1  2  3  4 |
---------------+-------------+-----
Axes           | 3 4 5 |  5.6
Armour         | 2 |  2.0
Fighting       | |  2.0
Throwing       | |  1.0
Dodging        | |  2.1
Spellcasting   | |  2.0
Translocations | |  2.4

Action                   |  1- 3 |  4- 6 || total
-------------------------+-------+-------++-------
Melee: Hand axe          |    88 |   106 ||   194
       Kick              |    22 |    22 ||    44
       Peck              |     9 |    18 ||    27
       Punch             |     1 |     1 ||     2
Throw: Boomerang         |     7 |       ||     7
       Javelin           |       |     8 ||     8
  Use: Scroll            |     4 |     4 ||     8
       Potion            |     3 |     2 ||     5
 Stab: Distracted        |     1 |       ||     1
Armor: Leather armour    |    27 |     5 ||    32
       Chain mail        |       |    44 ||    44
       Plate armour      |       |     6 ||     6
Dodge: Dodged            |    55 |    39 ||    94

Table legend:
 A = Non-vault XP
 B = Vault XP
 C = Vault XP percentage of total XP
 D = Non-vault monster count
 E = Vault monster count
 F = Vault count percentage of total count
                 A         B        C        D         E       F
            +---------+---------+-------+---------+---------+-------
      Total |     136 |      76 |  35.8 |      58 |      15 |  20.5
            +---------+---------+-------+---------+---------+-------
        D:1 |      38 |       0 |   0.0 |      26 |       0 |   0.0
        D:2 |      69 |       2 |   2.8 |      23 |       1 |   4.2
        D:3 |      24 |      22 |  47.8 |       7 |       6 |  46.2
        D:4 |       5 |      52 |  91.2 |       2 |       8 |  80.0
            +---------+---------+-------+---------+---------+-------
